 Dungeon Crawl Stone Soup version 0.32-a0-43-g058985b245 (webtiles) character file.

Game seed: 6070605687297464503

22 seren the Ruffian (level 2, 0/21 HPs)
             Began as a Demonspawn Shapeshifter on Feb 4, 2024.
             Slain by an adder (3 damage)
             ... on level 2 of the Dungeon.
             The game lasted 00:01:12 (762 turns).

seren the Ruffian (Demonspawn Shapeshifter)          Turns: 762, Time: 00:01:13

Health: 0/21       AC:  2    Str: 14    XL:     2   Next: 68%
Magic:  2/2        EV: 12    Int: 10    God:
Gold:   29         SH:  0    Dex: 12    Spells: 1/1 levels left

rFire   . .          .
                       - Unarmed
rCold   . . .        (no shield)
rNeg    . . .        a - +0 animal skin
rPois   .            (helmet currently unavailable)
rElec   .            (cloak currently unavailable)
rCorr   .            (gloves currently unavailable)
SInv    .            (boots currently unavailable)
Will    .....        (no amulet)
Stlth   +            (no ring)
HPRegen 0.23/turn    (no ring)
MPRegen 0.08/turn

%: no passive effects
@: beast-form, hasted, very quick
A: beast (slay +1), demonic touch 1
a: Begin Untransformation


You were on level 2 of the Dungeon.
You were a hulking beast.
You visited 1 branch of the dungeon, and saw 2 of its levels.

You collected 29 gold pieces.

Inventory:

Armour
 a - a +0 animal skin (worn)
 g - a +0 leather armour
Talismans
 c - a beast talisman
 d - a flux talisman
Scrolls
 h - a scroll of revelation {unknown}
 i - a scroll of identify {unknown}
 j - a scroll of teleportation {unknown}
Potions
 b - a potion of lignification
 e - a potion of magic


   Skills:
 + Level 1.5 Fighting
 + Level 2.1 Dodging
 * Level 3.0 Unarmed Combat
 + Level 2.9 Shapeshifting


You had one spell level left.
You didn't know any spells.
Your spell library was empty.

Dungeon Overview and Level Annotations

Branches:
Dungeon (2/15)

Altars:


Innate Abilities, Weirdness & Mutations

You are a hulking beast.
Your limbs bulge with bestial killing power. (Slay +1)
Your touch may inflict minor irresistible damage on your foes.


Message History

You hit the giant cockroach.
You kill the giant cockroach!
HP restored.
A bat comes into view.
The bat misses you.
You miss the bat.
You touch the bat.
You kill the bat!
No target in view!
An adder comes into view.
The adder hisses angrily.
The adder bites you.
You are poisoned.
The adder poisons you!
You closely miss the adder.
You feel sick. The adder barely misses you.
You closely miss the adder.
You feel sick. The adder bites you.
You closely miss the adder. Your touch misses the adder.
You feel sick. The adder bites you.
* * * LOW HITPOINT WARNING * * *
You completely miss the adder.
You feel sick. The adder bites you.
* * * LOW HITPOINT WARNING * * *
The adder bites you but does no damage.
You miss the adder.
You feel sick. The adder closely misses you.
You barely miss the adder.
You feel sick. The adder closely misses you.
You barely miss the adder.
You feel sick.
You are no longer poisoned.
The adder bites you.
* * * LOW HITPOINT WARNING * * *
You hit the adder but do no damage.
You touch the adder!
The adder is almost dead.
The adder closely misses you.
You closely miss the adder.
The adder is almost dead.
The adder closely misses you. x2
It was a potion of magic.
Magic courses through your body. The adder misses you.
It was a potion of haste.
You feel yourself speed up. The adder misses you.
You barely miss the adder.
The adder is almost dead.
The adder bites you.
You die...

# ##.#.## ##
.......## ##.#
#....Sh###.## +..
#....###.#...#
#.. #.# #....#
#.. ...# #.#..#
#.. #..# #.#..#
#### #.# #.w##
#.#..####..####.#
....
..#.............#
##..#
###.#####..###...
...
#.#####..####.#


You could see an adder.

Vanquished Creatures
  2 dart slugs (D:1)
  2 endoplasms (D:1)
  2 giant cockroaches
  2 hobgoblins (D:1)
  A quokka (D:1)
  A ball python (D:1)
  2 bats
  2 kobolds (D:1)
  4 rats (D:1)
18 creatures vanquished.

Notes
Turn   | Place    | Note
-------+----------+-------------------------------------------
     0 | D:1      | seren the Demonspawn Shapeshifter began the quest for the
                  | Orb.
     0 | D:1      | Reached XP level 1. HP: 15/15 MP: 1/1
    73 | D:1      | Gained mutation: Your touch may inflict minor irresistible
                  | damage on your foes. [demonic ancestry]
    73 | D:1      | Reached XP level 2. HP: 6/21 MP: 2/2
   424 | D:1      | Reached skill level 3 in Unarmed Combat
   762 | D:2      | Slain by an adder

Illustrated notes

Levels and vault maps discovered:
D:1:      onia_arrival_handbag, layout_basic
D:2:      kennysheep_six_static_rooms, layout_loops_ring,
          ebering_ecumenical_altar_hall, grunt_decor_arrowhead, uniq_natasha

Skill      XL: |  1  2 |
---------------+-------+-----
Dodging        | 2 |  2.1
Unarmed Combat | 3 |  3.0
Fighting       | |  1.5
Shapeshifting  | |  2.9

Action                     || total
---------------------------++-------
  Melee: Unarmed           ||    61
         Punch             ||     1
         Touch             ||     5
    Use: Potion            ||     2
   Stab: Sleeping          ||     3
 Armour: Animal skin       ||    27
  Dodge: Dodged            ||    32

Table legend: (Time is in decaauts)
 A = Elapsed time spent in this place.
 B = Non-inter-level travel time spent in this place.
 C = Inter-level travel time spent in this place.
 D = Time resting spent in this place.
 E = Time spent auto-exploring this place.
 F = Levels seen in this place.
 G = Mean time per level.
                   A        B        C        D        E       F      G
               +--------+--------+--------+--------+--------+-----+--------+
         Total |    758 |    687 |     71 |     63 |    482 |   2 |  379.0 |
       Dungeon |    758 |    687 |     71 |     63 |    482 |   2 |  379.0 |
               +--------+--------+--------+--------+--------+-----+--------+

Top non-repeatable levels by time:
     D:1: 705 daAuts
     D:2: 53 daAuts
